 Dungeon Crawl Stone Soup version 0.30-a0-870-gc5d4c5acee (webtiles) character file.

Game seed: 12824082262520612200

26 Grim the Chopper (level 2, -1/26 HPs)
             Began as a Minotaur Berserker on Mar 11, 2023.
             Was a Follower of Trog.
             Slain by a worm (2 damage)
             ... on level 2 of the Dungeon.
             The game lasted 00:01:07 (791 turns).

Grim the Chopper (Minotaur Berserker)                Turns: 791, Time: 00:01:08

Health: -1/26      AC:  6    Str: 21    XL:     2   Next: 89%
Magic:  1/1        EV: 11    Int:  4    God:    Trog [*.....]
Gold:   69         SH:  0    Dex:  9    Spells: 1/1 levels left

rFire   . . .      SeeInvis .    a - +0 hand axe
rCold   . . .      Faith    .    (no shield)
rNeg    . . .      Spirit   .    c - +0 ring mail
rPois   .          Reflect  .    (helmet restricted)
rElec   .          Rampage  .    (no cloak)
rCorr   .                        g - +0 pair of gloves
Will    .....                    (no boots) Stlth
                                 (no amulet)
HPRegen 0.24/turn                (no ring)
MPRegen 0.07/turn                (no ring)

@: no status effects
A: horns 2, retaliatory headbutt
a: Renounce Religion, Berserk


You were on level 2 of the Dungeon.
You worshipped Trog.
Trog was aware of your devotion.
You visited 1 branch of the dungeon, and saw 2 of its levels.

You collected 69 gold pieces.

Inventory:

Hand Weapons
 a - a +0 hand axe (weapon)
Armour
 c - a +0 ring mail (worn)
 g - a +0 pair of gloves (worn)
Scrolls
 b - a scroll of enchant weapon {unknown}
 d - a scroll of identify {unknown}
 e - a scroll of magic mapping {unknown}
 i - a scroll of poison {unknown}
Potions
 f - 2 potions of mutation {unknown}
 h - a potion of degeneration {unknown}


   Skills:
 - Level 3.6 Fighting
 + Level 5.0 Axes
 - Level 2.4 Armour
 - Level 2.1 Dodging


You had one spell level left.
You didn't know any spells.
Your spell library was empty.

Dungeon Overview and Level Annotations

Branches:
Dungeon (2/15)

Altars:


Innate Abilities, Weirdness & Mutations

You have a pair of horns on your head.
You reflexively headbutt those who attack you in melee.


Message History

There is a stone staircase leading up here.
There are monsters nearby!
You barely miss the adder. The adder bites you.
You barely miss the adder. The adder closely misses you.
You furiously retaliate!
You headbutt the adder. You hit the adder.
The adder is severely wounded.
You hit the bat.
You kill the bat!
Trog accepts your kill. The adder misses you. The adder bites you.
You hit the adder but do no damage.
The adder is severely wounded.
The adder barely misses you.
You barely miss the adder.
The adder is severely wounded.
You hit the worm but do no damage. The adder closely misses you.
The worm bites you!
* * * LOW HITPOINT WARNING * * *
The adder closely misses you.
You hit the adder.
You kill the adder!
Trog accepts your kill.
You hit the worm.
Your Axes skill increases to level 5!
You barely miss the worm.
The worm is lightly wounded.
The worm bites you!
* * * LOW HITPOINT WARNING * * *
You are too injured to fight recklessly!
You completely miss the worm.
The worm is lightly wounded.
The worm bites you!
* * * LOW HITPOINT WARNING * * *
You hit the worm. You headbutt the worm!
The worm is almost dead.
You hit the worm but do no damage.
The worm is almost dead.
The worm bites you.
You die...

.########
.......@#
.##...w.....#
#.........#
#.........#
...........#
###.........#
..#.##.#.##
##.#. ....


You could see a worm.

Vanquished Creatures
  An adder (D:2)
  A dart slug (D:1)
  2 ball pythons (D:1)
  An endoplasm (D:1)
  2 giant cockroaches (D:1)
  A goblin (D:1)
  A hobgoblin (D:1)
  3 kobolds (D:1)
  2 bats
14 creatures vanquished.

Notes
Turn   | Place    | Note
-------+----------+-------------------------------------------
     0 | D:1      | Grim the Minotaur Berserker began the quest for the Orb.
     0 | D:1      | Reached XP level 1. HP: 19/19 MP: 0/0
    82 | D:1      | Reached skill level 4 in Axes
   148 | D:1      | Reached XP level 2. HP: 23/26 MP: 1/1
   203 | D:1      | Found a faded altar of an unknown god.
   788 | D:2      | Reached skill level 5 in Axes
   789 | D:2      | HP: 1/26 [worm (8)]
   791 | D:2      | Slain by a worm

Illustrated notes

Levels and vault maps discovered:
D:1:      lemuel_arrival_room, layout_basic, ebering_ecumenical_altar_rust
D:2:      minmay_door_path, layout_basic, uniq_sigmund

Skill      XL: |  1  2 |
---------------+-------+-----
Axes           | 4 5 |  5.0
Fighting       | |  3.6
Armour         | |  2.4
Dodging        | |  2.1

Action                     || total
---------------------------++-------
  Melee: Hand axe          ||    33
         Headbutt          ||     7
 Armour: Ring mail         ||    11
  Dodge: Dodged            ||    17

Table legend: (Time is in decaauts)
 A = Elapsed time spent in this place.
 B = Non-inter-level travel time spent in this place.
 C = Inter-level travel time spent in this place.
 D = Time resting spent in this place.
 E = Time spent auto-exploring this place.
 F = Levels seen in this place.
 G = Mean time per level.
                   A        B        C        D        E       F      G
               +--------+--------+--------+--------+--------+-----+--------+
         Total |    793 |    787 |      6 |     22 |    657 |   2 |  396.5 |
       Dungeon |    793 |    787 |      6 |     22 |    657 |   2 |  396.5 |
               +--------+--------+--------+--------+--------+-----+--------+

Top non-repeatable levels by time:
     D:1: 783 daAuts
     D:2: 10 daAuts
